[Event "CZE-tht Extraliga 2018-19"]
[Site "Czech Republic"]
[Date "2019.02.10"]
[Round "8.8"]
[White "Studnicka, Tomas"]
[Black "Kanok, Jaroslav"]
[Result "1-0"]
[ECO "A40"]
[WhiteElo "2315"]
[BlackElo "2146"]
[Annotator "NA"]
[PlyCount "71"]
[EventDate "2018.11.03"]
[EventType "team-tourn"]
[EventCountry "CZE"]
[SourceTitle "playchess.com"]
[Source "ChessBase"]
[SourceQuality "1"]
[WhiteTeam "Turnov"]
[BlackTeam "Ostrava"]
[TimeControl "40/5400+30:1800+30"]

1. d4 e6 2. Bf4 d5 3. e3 c5 4. c3 Nc6 5. Nd2 cxd4 6. exd4 Nf6 7. Ngf3 Be7 8. Bd3 Nh5 9. Be3 Qc7 10. O-O Bd7 11. Re1 h6 12. Rc1 Rd8 13. Nf1 a6 14. Bb1 b5 15. Ne5 Nxe5 16. dxe5 g6 17. Qd2 g5 18. Qd1 Ng7 19. Bd4 Qb7 20. Ne3 h5 21. Rf1 b4 22. f4 bxc3 23. bxc3 gxf4 24. Rxf4 Bg5 25. Rf2 Rc8 26. Qf3 Bb5 27. Qg3 Qe7 28. Rf6 Bxe3+ 29. Bxe3 Nf5 30. Bxf5 exf5 31. Bd4 Bd7 32. e6 fxe6 33. Qg6+ Kd8 34. Rf7 Qa3 35. Rb1 Rxc3 36. Qf6+ 1-0

[Event "CZE-tht Extraliga 2018-19"]
[Site "Czech Republic"]
[Date "2019.02.10"]
[Round "8.8"]
[White "Vyskocil, Neklan"]
[Black "Chmel, Kristian"]
[Result "1-0"]
[ECO "D80"]
[WhiteElo "2295"]
[BlackElo "2119"]
[Annotator "NA"]
[PlyCount "119"]
[EventDate "2018.11.03"]
[EventType "team-tourn"]
[EventCountry "CZE"]
[SourceTitle "playchess.com"]
[Source "ChessBase"]
[SourceQuality "1"]
[WhiteTeam "Duras"]
[BlackTeam "Siesta B"]
[TimeControl "40/5400+30:1800+30"]

1. d4 Nf6 2. c4 g6 3. Nc3 d5 4. Qa4+ Bd7 5. Qb3 dxc4 6. Qxc4 Bg7 7. e4 b5 8. Nxb5 Nxe4 9. Nxc7+ Kf8 10. Nxa8 Nc6 11. Nf3 Qa5+ 12. Bd2 Nxd2 13. Nxd2 Bxd4 14. Be2 Kg7 15. Rd1 Rxa8 16. O-O Qb6 17. Nf3 Be6 18. Qa4 Bf6 19. b3 Rb8 20. Bc4 Bg4 21. Bd5 Nb4 22. Be4 Bc8 23. Nd2 Na6 24. Nc4 Qc7 25. Bf3 Nc5 26. Qc6 Qxc6 27. Bxc6 Ba6 28. Rd5 Ne6 29. Ra5 Bxc4 30. bxc4 Bd4 31. Rb5 Rd8 32. Rb7 Kf6 33. g3 Bc5 34. Rd7 Rb8 35. Rb7 Rd8 36. Rd7 Rb8 37. Rfd1 Rb6 38. Bd5 Nd4 39. Rc7 Ne2+ 40. Kf1 Nc3 41. Rd3 Rb1+ 42. Kg2 Nxd5 43. Rxc5 Nb6 44. Rf3+ Ke6 45. Rc7 Kd6 46. Rxa7 Nxc4 47. Rxf7 e5 48. Rxh7 Rb2 49. Ra6+ Kd5 50. Rd7+ Kc5 51. Rc7+ Kd5 52. Rxc4 Kxc4 53. Rxg6 Rxa2 54. h4 Kd5 55. Rg8 Ke6 56. h5 Kf7 57. Rg4 Ra6 58. Rg5 Re6 59. Kf3 Re8 60. Ke4 1-0

[Event "CZE-tht Extraliga 2018-19"]
[Site "Czech Republic"]
[Date "2019.02.10"]
[Round "8.8"]
[White "Rosko, Lubos"]
[Black "Sharashenidze, Akaki"]
[Result "1/2-1/2"]
[ECO "D10"]
[WhiteElo "2276"]
[BlackElo "2367"]
[Annotator "NA"]
[PlyCount "58"]
[EventDate "2018.11.03"]
[EventType "team-tourn"]
[EventCountry "CZE"]
[SourceTitle "playchess.com"]
[Source "ChessBase"]
[SourceQuality "1"]
[WhiteTeam "Pardubice"]
[BlackTeam "Poruba"]
[TimeControl "40/5400+30:1800+30"]

1. d4 d5 2. c4 c6 3. cxd5 cxd5 4. Nc3 Nf6 5. Bf4 e6 6. e3 a6 7. Nf3 Be7 8. Bd3 O-O 9. Rc1 Nc6 10. O-O Bd7 11. Ne5 Rc8 12. a3 Be8 13. Bb1 Nd7 14. Qd3 f5 15. Nxc6 Rxc6 16. Ne2 Nf6 17. Be5 g5 18. Rxc6 Bxc6 19. Rc1 Ne4 20. Qd1 Nd6 21. Bd3 Nc4 22. Bxc4 dxc4 23. f3 b5 24. Ng3 Bd6 25. Bxd6 Qxd6 26. b3 f4 27. exf4 gxf4 28. Ne2 Bd5 29. b4 Bc6 1/2-1/2

[Event "CZE-tht Extraliga 2018-19"]
[Site "Czech Republic"]
[Date "2019.02.10"]
[Round "8.8"]
[White "Miturova, Magdalena"]
[Black "Smid, Miroslav"]
[Result "1-0"]
[ECO "C60"]
[WhiteElo "2224"]
[BlackElo "2265"]
[Annotator "NA"]
[PlyCount "75"]
[EventDate "2018.11.03"]
[EventType "team-tourn"]
[EventCountry "CZE"]
[SourceTitle "playchess.com"]
[Source "ChessBase"]
[SourceQuality "1"]
[WhiteTeam "Cesky Tesin"]
[BlackTeam "Siesta"]
[TimeControl "40/5400+30:1800+30"]

1. e4 e5 2. Nf3 Nc6 3. Bb5 g6 4. c3 Nge7 5. O-O Bg7 6. d4 exd4 7. cxd4 d5 8. exd5 Nxd5 9. Re1+ Be6 10. Bg5 Qd6 11. Nbd2 O-O 12. Ne4 Qb4 13. Bxc6 bxc6 14. Qc1 Qb5 15. Nc5 Bf5 16. a4 Qb6 17. Ra3 a5 18. Rb3 Nb4 19. Bh6 Rad8 20. Bxg7 Kxg7 21. Qf4 Rfe8 22. Rc1 Rd6 23. Ne5 Red8 24. Nf3 Rf6 25. Qh4 h6 26. g4 g5 27. Qg3 Bc8 28. Qe5 Rd5 29. Qe8 Bxg4 30. Ne5 Rxd4 31. Rg3 Na2 32. Nxg4 Rxg4 33. Rxg4 Nxc1 34. Qe5 Ne2+ 35. Kh1 Nf4 36. Nd7 Qxf2 37. Qxf6+ Kg8 38. Qxc6 1-0

[Event "CZE-tht Extraliga 2018-19"]
[Site "Czech Republic"]
[Date "2019.04.19"]
[Round "9.1"]
[White "Balogh, Csaba"]
[Black "Sadzikowski, Daniel"]
[Result "1/2-1/2"]
[ECO "B13"]
[WhiteElo "2610"]
[BlackElo "2523"]
[Annotator "RC"]
[PlyCount "79"]
[EventDate "2018.11.03"]
[EventType "team-tourn"]
[EventCountry "CZE"]
[SourceTitle "playchess.com"]
[Source "ChessBase"]
[SourceQuality "1"]
[WhiteTeam "Brno"]
[BlackTeam "Duras"]
[TimeControl "40/5400+30:1800+30"]

1. e4 c6 2. d4 d5 3. exd5 cxd5 4. Bd3 Nc6 5. c3 Nf6 6. h3 g6 7. Nf3 Bf5 8. Be2 Qc7 9. O-O Bg7 10. Re1 h6 11. Nbd2 g5 12. Nf1 e6 13. Ng3 O-O-O 14. Nxf5 exf5 15. Bd3 Ne4 16. Nh2 Rhe8 17. Nf1 f4 18. f3 Nd6 19. Rxe8 Rxe8 20. Qb3 Ne7 21. Bd2 Bf6 22. Re1 Rg8 23. Bc1 Kb8 24. a4 Qd7 25. a5 Ndf5 26. a6 b6 27. Qc2 h5 28. Nh2 Nh4 29. Qe2 Nef5 30. Bb5 Qc8 31. Ba4 Nd6 32. Qd3 Nhf5 33. b3 Qc7 34. Ba3 Rc8 35. Bb4 Ka8 36. Nf1 Rb8 37. Bb5 Rd8 38. Ba4 Rb8 39. Bb5 Rd8 40. Ba4 1/2-1/2

[Event "CZE-tht Extraliga 2018-19"]
[Site "Czech Republic"]
[Date "2019.04.19"]
[Round "9.1"]
[White "Miton, Kamil"]
[Black "Kempinski, Robert"]
[Result "1/2-1/2"]
[ECO "D73"]
[WhiteElo "2593"]
[BlackElo "2575"]
[Annotator "ChessBase"]
[PlyCount "35"]
[EventDate "2018.11.03"]
[EventType "team-tourn"]
[EventCountry "CZE"]
[SourceTitle "playchess.com"]
[Source "ChessBase"]
[SourceQuality "1"]
[WhiteTeam "Ostrava"]
[BlackTeam "Poruba"]
[TimeControl "40/5400+30:1800+30"]

1. d4 Nf6 2. c4 g6 3. Nf3 Bg7 4. g3 d5 5. Bg2 dxc4 6. O-O c6 7. a4 O-O 8. Na3 Be6 9. Ng5 Bd5 10. e4 h6 11. exd5 hxg5 12. dxc6 Nxc6 13. Bxg5 Qxd4 14. Bxc6 Qxd1 15. Raxd1 bxc6 16. Nxc4 Nd5 17. Na5 Bxb2 18. Nxc6 1/2-1/2

[Event "CZE-tht Extraliga 2018-19"]
[Site "Czech Republic"]
[Date "2019.04.19"]
[Round "9.3"]
[White "Hracek, Zbynek"]
[Black "Cyborowski, Lukasz"]
[Result "1-0"]
[ECO "C42"]
[WhiteElo "2585"]
[BlackElo "2517"]
[Annotator "ChessBase"]
[PlyCount "39"]
[EventDate "2018.11.03"]
[EventType "team-tourn"]
[EventCountry "CZE"]
[SourceTitle "playchess.com"]
[Source "ChessBase"]
[SourceQuality "1"]
[WhiteTeam "Pardubice"]
[BlackTeam "Turnov"]
[TimeControl "40/5400+30:1800+30"]

1. e4 e5 2. Nf3 Nf6 3. Nxe5 d6 4. Nf3 Nxe4 5. Nc3 Nxc3 6. dxc3 Be7 7. Be3 O-O 8. Qd2 Nd7 9. O-O-O Re8 10. Bd3 Nf6 11. Rhe1 Bd7 12. Bd4 h6 13. c4 c5 14. Bc3 Bc6 15. Qf4 Nh5 16. Qg4 Nf6 17. Qh3 Bf8 18. Qf5 Qc8 19. Rxe8 Qxf5 20. Rxf8+ 1-0

[Event "CZE-tht Extraliga 2018-19"]
[Site "Czech Republic"]
[Date "2019.04.19"]
[Round "9.3"]
[White "Tazbir, Marcin"]
[Black "Ponizil, Cyril"]
[Result "1/2-1/2"]
[ECO "B23"]
[WhiteElo "2540"]
[BlackElo "2501"]
[Annotator "ChessBase"]
[PlyCount "50"]
[EventDate "2018.11.03"]
[EventType "team-tourn"]
[EventCountry "CZE"]
[SourceTitle "playchess.com"]
[Source "ChessBase"]
[SourceQuality "1"]
[WhiteTeam "Brno"]
[BlackTeam "Duras"]
[TimeControl "40/5400+30:1800+30"]

1. e4 c5 2. Nc3 e6 3. Nf3 a6 4. g3 b5 5. Bg2 Bb7 6. d3 b4 7. Nb1 Nf6 8. c4 d6 9. O-O Be7 10. Re1 O-O 11. Nbd2 Nc6 12. Nf1 a5 13. a4 Nd7 14. h3 Nde5 15. N3h2 Nd4 16. f4 Nec6 17. b3 f5 18. Ne3 Bf6 19. Rb1 g6 20. Nd5 Bg7 21. Nf3 Nxf3+ 22. Qxf3 Kh8 23. Kh2 Nd4 24. Qf2 Ra7 25. Bb2 Bxd5 1/2-1/2

[Event "CZE-tht Extraliga 2018-19"]
[Site "Czech Republic"]
[Date "2019.04.19"]
[Round "9.4"]
[White "Plat, Vojtech"]
[Black "Vrbata, Zbynek"]
[Result "1-0"]
[ECO "C06"]
[WhiteElo "2535"]
[BlackElo "2342"]
[Annotator "ChessBase"]
[PlyCount "61"]
[EventDate "2018.11.03"]
[EventType "team-tourn"]
[EventCountry "CZE"]
[SourceTitle "playchess.com"]
[Source "ChessBase"]
[SourceQuality "1"]
[WhiteTeam "Lysa nad Labem"]
[BlackTeam "Siesta B"]
[TimeControl "40/5400+30:1800+30"]

1. e4 e6 2. d4 d5 3. Nd2 Nf6 4. e5 Nfd7 5. Bd3 c5 6. c3 Nc6 7. Ne2 cxd4 8. cxd4 f6 9. Nf4 Nxd4 10. Qh5+ Ke7 11. exf6+ Nxf6 12. Ng6+ hxg6 13. Qxh8 Kf7 14. Qh4 e5 15. Nf3 Nxf3+ 16. gxf3 Bf5 17. Bxf5 gxf5 18. Bg5 Qa5+ 19. Kf1 d4 20. Kg2 Qd5 21. Bxf6 gxf6 22. Qh5+ Ke6 23. Rhg1 Bh6 24. Qxh6 Rg8+ 25. Kh3 Qxf3+ 26. Rg3 Rxg3+ 27. hxg3 Qxf2 28. Qh5 Qxb2 29. Qe8+ Kd5 30. Qd7+ Kc4 31. Rc1+ {[%emt 0:00:11] Kd5} 1-0

[Event "CZE-tht Extraliga 2018-19"]
[Site "Czech Republic"]
[Date "2019.04.19"]
[Round "9.4"]
[White "Zwardon, Vojtech"]
[Black "Piesik, Piotr"]
[Result "1/2-1/2"]
[ECO "A14"]
[WhiteElo "2458"]
[BlackElo "2420"]
[Annotator "RC"]
[PlyCount "72"]
[EventDate "2018.11.03"]
[EventType "team-tourn"]
[EventCountry "CZE"]
[SourceTitle "playchess.com"]
[Source "ChessBase"]
[SourceQuality "1"]
[WhiteTeam "Beskydska"]
[BlackTeam "Cesky Tesin"]
[TimeControl "40/5400+30:1800+30"]

1. c4 Nf6 2. g3 e6 3. Bg2 d5 4. Nf3 Be7 5. O-O O-O 6. b3 d4 7. e3 Nc6 8. exd4 Nxd4 9. Bb2 Bc5 10. Na3 e5 11. Nc2 Bg4 12. b4 e4 13. Ncxd4 Bxd4 14. Bxd4 exf3 15. Bxf6 Qxf6 16. Re1 Rfe8 17. Bf1 Rxe1 18. Qxe1 Kf8 19. Rb1 Re8 20. Qd1 Qe6 21. h3 Bxh3 22. Bxh3 Qxh3 23. Qxf3 b6 24. Qb7 Qd7 25. Rb3 h5 26. Re3 Qxd2 27. Rxe8+ Kxe8 28. Qxc7 Qxb4 29. Qb8+ Ke7 30. Qxa7+ Kf6 31. Qc7 g6 32. Kg2 Ke6 33. a4 Qd6 34. Qc8+ Qd7 35. Qa8 Kd6 36. Kg1 Ke5 1/2-1/2

[Event "CZE-tht Extraliga 2018-19"]
[Site "Czech Republic"]
[Date "2019.04.19"]
[Round "9.5"]
[White "Krejci, Jan"]
[Black "Rydl, Jiri"]
[Result "1/2-1/2"]
[ECO "D45"]
[WhiteElo "2588"]
[BlackElo "2428"]
[Annotator "RC"]
[PlyCount "86"]
[EventDate "2018.11.03"]
[EventType "team-tourn"]
[EventCountry "CZE"]
[SourceTitle "playchess.com"]
[Source "ChessBase"]
[SourceQuality "1"]
[WhiteTeam "Novoborsky"]
[BlackTeam "Siesta"]
[TimeControl "40/5400+30:1800+30"]

1. d4 d5 2. c4 c6 3. Nc3 Nf6 4. e3 e6 5. Nf3 Nbd7 6. Qc2 Bd6 7. Bd3 O-O 8. O-O h6 9. h3 b6 10. b3 Bb7 11. Bb2 Re8 12. Rad1 Qc7 13. Rfe1 Rad8 14. a3 Qb8 15. e4 dxc4 16. Bxc4 b5 17. Bf1 e5 18. dxe5 Nxe5 19. Nh4 Bf8 20. Nf5 g6 21. Ng3 h5 22. Rxd8 Qxd8 23. Be2 Qb6 24. Qd2 Kh7 25. Rd1 a6 26. Qf4 Re6 27. Bc1 Ng8 28. Qd2 Rf6 29. Nh1 Rd6 30. Qc2 Rxd1+ 31. Bxd1 a5 32. Be3 c5 33. Be2 b4 34. axb4 axb4 35. Na4 Qc6 36. f3 c4 37. bxc4 Ba6 38. Nb2 Bc5 39. Bxc5 Qxc5+ 40. Nf2 Ne7 41. Qa4 Qe3 42. Bf1 Qa3 43. Nfd1 Bxc4 1/2-1/2

[Event "CZE-tht Extraliga 2018-19"]
[Site "Czech Republic"]
[Date "2019.04.19"]
[Round "9.5"]
[White "Votava, Jan"]
[Black "Vykouk, Jan"]
[Result "1/2-1/2"]
[ECO "A84"]
[WhiteElo "2518"]
[BlackElo "2441"]
[Annotator "ChessBase"]
[PlyCount "69"]
[EventDate "2018.11.03"]
[EventType "team-tourn"]
[EventCountry "CZE"]
[SourceTitle "playchess.com"]
[Source "ChessBase"]
[SourceQuality "1"]
[WhiteTeam "Pardubice"]
[BlackTeam "Turnov"]
[TimeControl "40/5400+30:1800+30"]

1. d4 e6 2. c4 f5 3. Nc3 Nf6 4. g3 c6 5. Bg2 d5 6. Nf3 Bd6 7. Bf4 Bxf4 8. gxf4 O-O 9. e3 b6 10. Ne5 Bb7 11. h4 Nbd7 12. h5 h6 13. Qb3 Nxe5 14. fxe5 Ne4 15. f4 Ba6 16. cxd5 Nxc3 17. Qxc3 cxd5 18. Qa3 Bb5 19. Rc1 Rc8 20. Rxc8 Qxc8 21. Kd2 Rf7 22. Rc1 Rc7 23. Rxc7 Qxc7 24. Qb4 Qc4 25. Qxc4 Bxc4 26. b3 Bb5 27. Bf3 Kf7 28. Be2 Be8 29. Ke1 Ke7 30. Kf2 Kd8 31. Kg3 Kc7 32. Kh4 a5 33. a3 Bd7 34. Bd3 Bc6 35. Be2 1/2-1/2

[Event "CZE-tht Extraliga 2018-19"]
[Site "Czech Republic"]
[Date "2019.04.19"]
[Round "9.6"]
[White "Kraus, Tomas"]
[Black "Neuman, Petr"]
[Result "1-0"]
[ECO "E70"]
[WhiteElo "2456"]
[BlackElo "2397"]
[Annotator "RC"]
[PlyCount "63"]
[EventDate "2018.11.03"]
[EventType "team-tourn"]
[EventCountry "CZE"]
[SourceTitle "playchess.com"]
[Source "ChessBase"]
[SourceQuality "1"]
[WhiteTeam "Turnov"]
[BlackTeam "Pardubice"]
[TimeControl "40/5400+30:1800+30"]

1. c4 Nf6 2. Nc3 g6 3. d4 Bg7 4. e4 O-O 5. Bd3 d6 6. Nge2 c5 7. d5 e6 8. O-O exd5 9. cxd5 Na6 10. a3 Re8 11. Ng3 Bd7 12. Bf4 h5 13. h3 h4 14. Nge2 c4 15. Bc2 Nc5 16. Bg5 Qb6 17. Qb1 Nd3 18. Bxd3 cxd3 19. Qxd3 Nxe4 20. Nxe4 Bf5 21. N2c3 Bxc3 22. Qxc3 Rxe4 23. Rad1 f6 24. Bxf6 Rc8 25. Qd2 Kh7 26. Bd4 Qb5 27. Bc3 Qb6 28. Rfe1 Rce8 29. Rxe4 Rxe4 30. Qg5 Re2 31. Rd4 Kg8 32. Kh2 1-0

[Event "CZE-tht Extraliga 2018-19"]
[Site "Czech Republic"]
[Date "2019.04.19"]
[Round "9.7"]
[White "Zilka, Stepan"]
[Black "Simek, Petr"]
[Result "1-0"]
[ECO "C84"]
[WhiteElo "2534"]
[BlackElo "2296"]
[Annotator "ChessBase"]
[PlyCount "27"]
[EventDate "2018.11.03"]
[EventType "team-tourn"]
[EventCountry "CZE"]
[SourceTitle "playchess.com"]
[Source "ChessBase"]
[SourceQuality "1"]
[WhiteTeam "Novoborsky"]
[BlackTeam "Siesta"]
[TimeControl "40/5400+30:1800+30"]

1. e4 e5 2. Nf3 Nc6 3. Bb5 a6 4. Ba4 Nf6 5. O-O Be7 6. d3 b5 7. Bb3 d6 8. a3 O-O 9. Nc3 Bg4 10. Be3 Qd7 11. h3 Bh5 12. Nd5 Nxd5 13. Bxd5 Rad8 14. Nxe5 1-0

[Event "CZE-tht Extraliga 2018-19"]
[Site "Czech Republic"]
[Date "2019.04.19"]
[Round "9.7"]
[White "Pulpan, Jakub"]
[Black "Vlasak, Lukas"]
[Result "1/2-1/2"]
[ECO "B13"]
[WhiteElo "2418"]
[BlackElo "2415"]
[Annotator "NA RC"]
[PlyCount "31"]
[EventDate "2018.11.03"]
[EventType "team-tourn"]
[EventCountry "CZE"]
[SourceTitle "playchess.com"]
[Source "ChessBase"]
[SourceQuality "1"]
[WhiteTeam "Pardubice"]
[BlackTeam "Turnov"]
[TimeControl "40/5400+30:1800+30"]

1. e4 c6 2. d4 d5 3. exd5 cxd5 4. Bd3 Nc6 5. c3 Nf6 6. Bf4 Bg4 7. Qb3 Qc8 8. Nd2 e6 9. Ngf3 Bh5 10. O-O Bg6 11. Bxg6 hxg6 12. Rae1 Be7 13. Bg5 Qc7 14. Bf4 Qc8 15. Bg5 Qc7 16. Bf4 1/2-1/2

[Event "CZE-tht Extraliga 2018-19"]
[Site "Czech Republic"]
[Date "2019.04.19"]
[Round "9.7"]
[White "Bartos, Jan"]
[Black "Meduna, Eduard"]
[Result "1/2-1/2"]
[ECO "D14"]
[WhiteElo "2178"]
[BlackElo "2380"]
[Annotator "NA"]
[PlyCount "37"]
[EventDate "2018.11.03"]
[EventType "team-tourn"]
[EventCountry "CZE"]
[SourceTitle "playchess.com"]
[Source "ChessBase"]
[SourceQuality "1"]
[WhiteTeam "Siesta B"]
[BlackTeam "Lysa nad Labem"]
[TimeControl "40/5400+30:1800+30"]

1. d4 d5 2. c4 c6 3. cxd5 cxd5 4. Nf3 Nc6 5. Bf4 Nf6 6. Nc3 Bf5 7. e3 e6 8. Qb3 Bb4 9. Ne5 Qa5 10. Nxc6 bxc6 11. a3 Bxc3+ 12. bxc3 O-O 13. Qb4 Qb6 14. f3 Rfc8 15. Bd6 Nd7 16. c4 Qd8 17. c5 a5 18. Qc3 f6 19. Bd3 1/2-1/2

[Event "CZE-tht Extraliga 2018-19"]
[Site "Czech Republic"]
[Date "2019.04.19"]
[Round "9.8"]
[White "Priehoda, Vitezslav"]
[Black "Kozak, Milos"]
[Result "1-0"]
[ECO "E12"]
[WhiteElo "2360"]
[BlackElo "2174"]
[Annotator "NA"]
[PlyCount "79"]
[EventDate "2018.11.03"]
[EventType "team-tourn"]
[EventCountry "CZE"]
[SourceTitle "playchess.com"]
[Source "ChessBase"]
[SourceQuality "1"]
[WhiteTeam "Lysa nad Labem"]
[BlackTeam "Siesta B"]
[TimeControl "40/5400+30:1800+30"]

1. d4 Nf6 2. c4 e6 3. Nf3 b6 4. a3 Bb7 5. Nc3 d5 6. Bg5 Be7 7. e3 O-O 8. Rc1 Nbd7 9. cxd5 exd5 10. Be2 c5 11. O-O Ne4 12. Bxe7 Qxe7 13. dxc5 Nxc3 14. Rxc3 Nxc5 15. Nd4 Rfc8 16. Bg4 Ne6 17. Qd2 Rxc3 18. Qxc3 g6 19. Nxe6 fxe6 20. Qe5 Kf7 21. Rc1 Rc8 22. Rxc8 Bxc8 23. Qh8 Qf8 24. Qxh7+ Qg7 25. Qxg7+ Kxg7 26. h4 Kf6 27. f4 Ba6 28. Kf2 e5 29. Be2 Bc8 30. g4 exf4 31. exf4 d4 32. Kg3 Be6 33. g5+ Kg7 34. Bd3 Bd5 35. Kf2 Bc6 36. Ke2 Bd5 37. Kd2 Bb3 38. f5 gxf5 39. Bxf5 Bc4 40. h5 1-0

[Event "CZE-tht Extraliga 2018-19"]
[Site "Czech Republic"]
[Date "2019.04.19"]
[Round "9.8"]
[White "Cech, Pavel"]
[Black "Petr.Martin"]
[Result "1-0"]
[ECO "D85"]
[WhiteElo "2326"]
[BlackElo "2463"]
[Annotator "RC"]
[PlyCount "81"]
[EventDate "2018.11.03"]
[EventType "team-tourn"]
[EventCountry "CZE"]
[SourceTitle "playchess.com"]
[Source "ChessBase"]
[SourceQuality "1"]
[WhiteTeam "Turnov"]
[BlackTeam "Pardubice"]
[TimeControl "40/5400+30:1800+30"]

1. d4 Nf6 2. c4 g6 3. Nc3 d5 4. cxd5 Nxd5 5. e4 Nxc3 6. bxc3 Bg7 7. Nf3 c5 8. Rb1 O-O 9. Be2 b6 10. O-O Bb7 11. Qd3 cxd4 12. cxd4 Nd7 13. Ba3 Re8 14. d5 Rc8 15. Rbc1 a6 16. Rxc8 Qxc8 17. Rc1 Qb8 18. Nd4 Bh6 19. Rc2 Ne5 20. Qh3 Bg7 21. f4 Ng4 22. e5 h5 23. Nc6 Bxc6 24. dxc6 Qc7 25. Bxg4 hxg4 26. Qxg4 Rd8 27. h4 Rd4 28. Qg5 Bf8 29. h5 Qd8 30. Bd6 Rxd6 31. exd6 Qxd6 32. Kh2 Qd3 33. Rc1 Qd2 34. Rb1 Qd6 35. Rxb6 Qc7 36. Rxa6 Kh7 37. hxg6+ fxg6 38. Qe5 Qc8 39. Ra3 Qxc6 40. Rh3+ Kg8 41. Rh8+ 1-0

[Event "CZE-tht Extraliga 2018-19"]
[Site "Czech Republic"]
[Date "2019.04.19"]
[Round "9.8"]
[White "Caletka, Radomir"]
[Black "Bachorik, Otto"]
[Result "1-0"]
[ECO "A14"]
[WhiteElo "2280"]
[BlackElo "2143"]
[Annotator "ChessBase"]
[PlyCount "105"]
[EventDate "2018.11.03"]
[EventType "team-tourn"]
[EventCountry "CZE"]
[SourceTitle "playchess.com"]
[Source "ChessBase"]
[SourceQuality "1"]
[WhiteTeam "Poruba"]
[BlackTeam "Ostrava"]
[TimeControl "40/5400+30:1800+30"]

1. c4 e6 2. g3 Nf6 3. Bg2 d5 4. Nf3 Be7 5. O-O O-O 6. b3 b6 7. Bb2 Bb7 8. e3 Nbd7 9. Nc3 dxc4 10. bxc4 c5 11. Qe2 Qc7 12. Nb5 Qc6 13. a4 a6 14. Nc3 Ne5 15. Ne1 Qd7 16. Bxb7 Qxb7 17. f4 Nc6 18. g4 Na5 19. d3 Nd7 20. Rf3 Rfe8 21. g5 f5 22. gxf6 Bxf6 23. Ne4 Bxb2 24. Qxb2 Re7 25. Qc3 Rf8 26. Rg3 Nc6 27. Nf3 Qc7 28. Nh4 e5 29. f5 Nf6 30. Ng5 Nd8 31. Rg2 Qd6 32. Rb1 Rd7 33. Rd1 Re7 34. Qb3 Rfe8 35. Rb2 Rb7 36. Qc2 Rd7 37. Qg2 e4 38. d4 cxd4 39. exd4 Qc6 40. Qe2 Qxa4 41. Rxb6 Qa5 42. c5 Qc3 43. Qa2+ Kh8 44. Ng6+ hxg6 45. Rb3 Nd5 46. Rxc3 Nxc3 47. Qg2 Nxd1 48. Qh3+ Kg8 49. Qh7+ Kf8 50. Qh8+ Ke7 51. Qxg7+ Nf7 52. Qxf7+ Kd8 53. Ne6+ 1-0

[Event "CZE-tht Extraliga 2018-19"]
[Site "Czech Republic"]
[Date "2019.04.20"]
[Round "10.1"]
[White "Balogh, Csaba"]
[Black "Molenda, Marcin"]
[Result "0-1"]
[ECO "B47"]
[WhiteElo "2610"]
[BlackElo "2383"]
[Annotator "RC"]
[PlyCount "88"]
[EventDate "2018.11.03"]
[EventType "team-tourn"]
[EventCountry "CZE"]
[SourceTitle "playchess.com"]
[Source "ChessBase"]
[SourceQuality "1"]
[WhiteTeam "Brno"]
[BlackTeam "Cesky Tesin"]
[TimeControl "40/5400+30:1800+30"]

1. e4 c5 2. Nf3 e6 3. d4 cxd4 4. Nxd4 Nc6 5. Nc3 Qc7 6. g4 a6 7. h4 b5 8. Nxc6 Qxc6 9. Bg2 Bb7 10. a3 Bc5 11. Bf4 Ne7 12. h5 h6 13. Qd3 f6 14. Be3 e5 15. O-O-O O-O-O 16. Nd5 Nxd5 17. exd5 Bxe3+ 18. Qxe3 Qd6 19. a4 b4 20. a5 Kb8 21. Rh3 Rc8 22. Qe4 Rc7 23. Rb3 Rhc8 24. Qxb4 Rxc2+ 25. Kb1 Qxb4 26. Rxb4 Rxf2 27. Bf1 Ka7 28. Bd3 Rc5 29. d6 Rf4 30. Rxf4 exf4 31. Rc1 Rd5 32. Be4 Rd4 33. Bxb7 Kxb7 34. Rc7+ Kb8 35. Rc5 Rxd6 36. Rf5 Rd4 37. Kc2 Kc7 38. Kc3 Re4 39. b4 Kc6 40. Rc5+ Kd6 41. Rf5 Ke6 42. b5 axb5 43. Rxb5 f3 44. Kb3 Rxg4 0-1

[Event "CZE-tht Extraliga 2018-19"]
[Site "Czech Republic"]
[Date "2019.04.20"]
[Round "10.1"]
[White "Miton, Kamil"]
[Black "Vavra, Pavel"]
[Result "1/2-1/2"]
[ECO "D45"]
[WhiteElo "2593"]
[BlackElo "2359"]
[Annotator "ChessBase"]
[PlyCount "50"]
[EventDate "2018.11.03"]
[EventType "team-tourn"]
[EventCountry "CZE"]
[SourceTitle "playchess.com"]
[Source "ChessBase"]
[SourceQuality "1"]
[WhiteTeam "Ostrava"]
[BlackTeam "Siesta B"]
[TimeControl "40/5400+30:1800+30"]

1. d4 d5 2. c4 c6 3. Nf3 e6 4. Qc2 Nf6 5. e3 Nbd7 6. Nc3 Bd6 7. Bd3 O-O 8. O-O Re8 9. e4 dxc4 10. Bxc4 b5 11. Bb3 e5 12. Ng5 Rf8 13. Ne2 c5 14. Bxf7+ Rxf7 15. Nxf7 Kxf7 16. dxe5 Nxe5 17. f4 Neg4 18. h3 c4 19. Ng3 Bc5+ 20. Kh1 Qd3 21. Qxd3 cxd3 22. hxg4 Nxg4 23. Bd2 Nf2+ 24. Kh2 Ng4+ 25. Kh1 Nf2+ 1/2-1/2

[Event "CZE-tht Extraliga 2018-19"]
[Site "Czech Republic"]
[Date "2019.04.20"]
[Round "10.1"]
[White "Sadzikowski, Daniel"]
[Black "Zhigalko, Andrey"]
[Result "0-1"]
[ECO "C50"]
[WhiteElo "2523"]
[BlackElo "2546"]
[Annotator "ChessBase"]
[PlyCount "78"]
[EventDate "2018.11.03"]
[EventType "team-tourn"]
[EventCountry "CZE"]
[SourceTitle "playchess.com"]
[Source "ChessBase"]
[SourceQuality "1"]
[WhiteTeam "Duras"]
[BlackTeam "Beskydska"]
[TimeControl "40/5400+30:1800+30"]

1. e4 e5 2. Nf3 Nc6 3. Bc4 Bc5 4. O-O Nf6 5. d3 d6 6. c3 a6 7. a4 h6 8. Nbd2 O-O 9. Re1 Ne7 10. Nf1 Ng6 11. Bb3 c6 12. h3 Ba7 13. d4 d5 14. exd5 e4 15. Ne5 cxd5 16. Ng3 Be6 17. Nxg6 fxg6 18. Bf4 Qd7 19. Be5 Nh7 20. Qe2 Rae8 21. Kh2 Ng5 22. a5 Re7 23. h4 Nf7 24. Bf4 Nd6 25. Be5 Nf7 26. Bf4 g5 27. hxg5 Nxg5 28. Bxg5 hxg5 29. Rh1 Bb8 30. Kg1 g6 31. Nf1 Ref7 32. Qd2 Rxf2 33. Qxg5 Qf7 34. Ne3 Rxb2 35. Rf1 Rb1 36. Rh8+ Kxh8 37. Rxb1 Qf2+ 38. Kh1 Kg7 39. Qe7+ Bf7 0-1

[Event "CZE-tht Extraliga 2018-19"]
[Site "Czech Republic"]
[Date "2019.04.20"]
[Round "10.2"]
[White "Azarov, Sergei"]
[Black "Shengelia, David"]
[Result "1-0"]
[ECO "C60"]
[WhiteElo "2595"]
[BlackElo "2530"]
[Annotator "ChessBase"]
[PlyCount "53"]
[EventDate "2018.11.03"]
[EventType "team-tourn"]
[EventCountry "CZE"]
[SourceTitle "playchess.com"]
[Source "ChessBase"]
[SourceQuality "1"]
[WhiteTeam "Beskydska"]
[BlackTeam "Duras"]
[TimeControl "40/5400+30:1800+30"]

1. e4 e5 2. Nf3 Nc6 3. Bb5 g6 4. c3 a6 5. Ba4 Bg7 6. O-O d6 7. d4 b5 8. Bc2 exd4 9. Nxd4 Nge7 10. Bg5 Bb7 11. Nxc6 Bxc6 12. Nd2 O-O 13. Nb3 Re8 14. Qd2 Qb8 15. Rfe1 Nc8 16. Nd4 Bd7 17. Nf5 gxf5 18. exf5 f6 19. Qd5+ Kh8 20. Bxf6 Bxf6 21. Qf7 Nb6 22. Qxf6+ Kg8 23. Qh4 h6 24. f6 Rxe1+ 25. Rxe1 Qf8 26. Qg3+ Kh8 27. Qg6 1-0